 Dungeon Crawl Stone Soup version 0.28.0 (webtiles) character file.

Game seed: 15509359041340083013

1196 Dorkslayer the Chopper (level 8, -1/71 HPs)
             Began as a Hill Orc Fighter on July 25, 2022.
             Slain by an acid dragon (10 damage)
             ... on level 7 of the Dungeon.
             The game lasted 00:23:57 (4747 turns).

Dorkslayer the Chopper (Hill Orc Fighter)           Turns: 4747, Time: 00:23:58

Health: -1/71      AC:  6    Str: 25    XL:     8   Next: 44%
Magic:  8/8        EV: 11    Int:  8    God:
Gold:   154        SH:  9    Dex: 10    Spells: 7/7 levels left

rFire   + . .      SeeInvis .   a - +2 war axe (vamp)
rCold   . . .      Faith    .   c - +0 buckler
rNeg    . . .      Spirit   .   r - +4 ring mail of the World {rF+ Str+4}
rPois   .          Reflect  +   (no helmet)
rElec   .          Harm     .   (no cloak)
rCorr   .          Rampage  .   (no gloves)
Will    .....                   (no boots)
Stlth   +.........              e - amulet of reflection
HPRegen 0.21/turn               (no ring)
MPRegen 0.11/turn               (no ring)

@: mighty, corroded
A: no striking features
a: no special abilities


You were on level 7 of the Dungeon.
You visited 1 branch of the dungeon, and saw 7 of its levels.

You collected 154 gold pieces.

Inventory:

Hand Weapons
 a - a +2 vampiric war axe (weapon)
Missiles
 f - 7 boomerangs (quivered)
 o - 3 curare-tipped darts
Armour
 c - a +0 buckler (worn)
 k - a +0 chain mail
 r - the +4 ring mail of the World (worn) {rF+ Str+4}
   (You found it on level 5 of the Dungeon)

   Str:       It affects your strength (+4).
   rF:        It protects you from fire.
Jewellery
 e - an amulet of reflection (around neck)
Scrolls
 b - a scroll of teleportation {unknown}
 g - a scroll of blinking
 j - a scroll of identify
 m - a scroll of enchant armour
Potions
 d - a potion of might
 h - a potion of attraction
 i - a potion of lignification {unknown}
 n - a potion of mutation {unknown}


   Skills:
 * Level 6.4 Fighting
 + Level 7.5 Axes
 * Level 3.2 Throwing
 + Level 4.7 Armour
 * Level 2.9 Dodging
 + Level 0.5 Stealth
 + Level 4.3 Shields


You had 7 spell levels left.
You didn't know any spells.
Your spell library was empty.

Dungeon Overview and Level Annotations

Branches:
Dungeon (6/15)
 Temple: D:4-7

Altars:
Ashenzari
Dithmenos
Kikubaaqudgha
Trog


Message History

The centaur kicks you.
You slash the centaur!
You kill the centaur!
Things that are here:
a +0 shortbow; 17 arrows
d - 2 potions of might (gained 1)
You now have 154 gold pieces (gained 8).
A shadow imp comes into view.
Found 5 large rocks and 27 gold pieces.
The shadow imp shouts!
An acid dragon comes into view.
The acid dragon roars!
The shadow imp shouts, "Decamp, thou erky fool-born clack-dish!"
Found 19 gold pieces.
You feel very mighty all of a sudden. The acid dragon spits acid at you.
The splash of acid hits you!! The acid corrodes you!
The shadow imp shouts, "Capitulate, thou unctious fool-headed scavenger!"
Unknown command.
The shadow imp shouts, "Scamper home, thou froward earth-vexing pissant!"
You block the shadow imp's attack.
You barely miss the acid dragon. You hit the shadow imp.
The acid dragon bites you but does no damage.
The acid dragon claws you but does no damage.
You block the shadow imp's attack.
You barely miss the acid dragon. You hit the shadow imp.
You block the acid dragon's attack. The acid dragon misses you.
The shadow imp completely misses you.
You hit the acid dragon.
The acid dragon is moderately wounded.
You closely miss the shadow imp. The acid dragon bites you!
* * * LOW HITPOINT WARNING * * *
The acid dragon claws you.
* * * LOW HITPOINT WARNING * * *
The shadow imp misses you.
Okay, then.
You hit the acid dragon but do no damage.
The acid dragon is moderately wounded.
You barely miss the shadow imp. The acid dragon bites you!
You die...

#####
#⌠..####
#......#
#......##
##...#...#
#....#@5.#
#...##D..#
#...#.....#
#...#.....#
#...#..(..#
#...#.$⌠$.#
#...#..$..#
#...#.....#
#...#


You could see an acid dragon and a shadow imp.

Vanquished Creatures
  Duvessa (D:5)
  An ogre (D:5)
  A centaur (D:7)
  2 phantoms
  A water moccasin zombie (D:5)
  Dowan (D:5)
  A centaur zombie (D:5)
  A bullfrog zombie (D:5)
  A jelly (D:5)
  3 orc priests (D:5)
  2 hounds (D:5)
  A bullfrog skeleton (D:5)
  2 centaur skeletons (D:5)
  2 iguanas
  2 orc wizards (D:5)
  2 scorpion zombies (D:5)
  A killer bee zombie (D:5)
  3 hound skeletons
  A hound zombie (D:5)
  4 adders
  An adder zombie (D:5)
  3 worms (D:2)
  4 dart slugs
  16 orcs
  3 bats
  3 endoplasms
  2 giant cockroaches (D:2)
  9 goblins
  5 hobgoblins
  4 kobolds
  2 quokkas
  2 ball pythons
  A frilled lizard (D:3)
  7 rats
95 creatures vanquished.

Vanquished Creatures (others)
  8 fungi (D:7)
  3 plants (D:1)
  12 withered plants
23 creatures vanquished.

Grand Total: 118 creatures vanquished

Notes
Turn   | Place    | Note
-------+----------+-------------------------------------------
     0 | D:1      | Dorkslayer the Hill Orc Fighter began the quest for the
                  | Orb.
     0 | D:1      | Reached XP level 1. HP: 19/19 MP: 1/1
   244 | D:1      | Found a faded altar of an unknown god.
   397 | D:1      | Reached XP level 2. HP: 27/27 MP: 2/2
  1082 | D:2      | Reached XP level 3. HP: 30/33 MP: 3/3
  1125 | D:2      | Identified the +1 leather armour "Vaotinip" {rF+ rN+}
  1285 | D:2      | Reached skill level 3 in Axes
  1894 | D:3      | Reached XP level 4. HP: 41/41 MP: 4/4
  2099 | D:3      | Found an ancient bone altar of Kikubaaqudgha.
  2249 | D:3      | Found a bloodstained altar of Trog.
  2595 | D:4      | Reached skill level 1 in Throwing
  2667 | D:4      | Reached XP level 5. HP: 47/47 MP: 5/5
  2693 | D:4      | Reached skill level 1 in Dodging
  2810 | D:4      | Reached skill level 4 in Axes
  3019 | D:4      | Found a broken altar of Ashenzari.
  3450 | D:5      | Entered Level 5 of the Dungeon
  3504 | D:5      | Identified the +4 ring mail of the World {rF+ Str+4}
  3566 | D:5      | Reached skill level 5 in Fighting
  3566 | D:5      | Reached XP level 6. HP: 12/56 MP: 6/6
  3775 | D:5      | Noticed Duvessa
  3790 | D:5      | Killed Duvessa
  3790 | D:5      | Noticed Dowan
  3791 | D:5      | Reached skill level 5 in Axes
  3799 | D:5      | Killed Dowan
  3815 | D:5      | Reached XP level 7. HP: 17/61 MP: 7/7
  4074 | D:5      | Reached skill level 6 in Axes
  4284 | D:5      | Reached XP level 8. HP: 70/70 MP: 8/8
  4548 | D:5      | Reached skill level 7 in Axes
  4708 | D:6      | Found a shadowy altar of Dithmenos.
  4712 | D:6      | You fall into a shaft and drop 1 floor!
  4747 | D:7      | Slain by an acid dragon

Illustrated notes

Levels and vault maps discovered:
D:1:      ncdulo_wetmaze, layout_loops_ring,
          shapermc_ecumenical_altar_flowoftime
D:2:      layout_loops_ring
D:3:      layout_basic, bloody_trog, mainiacjoe_overflow_alcove_4
D:4:      layout_loops_ring, ashenzari_conservatory_becter, nrook_uturn
D:5:      layout_loops_corners, serial_undead, serial_undead_b, serial_undead_b,
          serial_undead_b, serial_undead_d, roderic_nine_men_s_morris,
          uniq_duvessa
D:6:      layout_cave_pools, overflow_temple_1_default,
          ebering_ghost_disaster_area
D:7:      kennysheep_spiral_hall, layout_rooms, elyvilon_altar_4,
          mainiacjoe_overflow_cross_hatched, minmay_temple_entry_mist,
          minmay_misc_feat_ornament

Skill      XL: |  1  2  3  4  5  6  7  8 |
---------------+-------------------------+-----
Fighting       | 4 5 6 |  6.4
Axes           | 3 4 5 6 7 |  7.5
Throwing       | 1 2 3 |  3.2
Dodging        | 1 2 |  2.9
Armour         | 4 |  4.7
Shields        | 4 |  4.3
Stealth        | |  0.5

Action                   |  1- 3 |  4- 6 |  7- 9 || total
-------------------------+-------+-------+-------++-------
Melee: War axe           |   104 |   137 |   133 ||   374
Throw: Boomerang         |       |     5 |     2 ||     7
       Dart              |       |     4 |       ||     4
  Use: Scroll            |     4 |     1 |     7 ||    12
       Potion            |       |     1 |     1 ||     2
Armor: Scale mail        |     4 |       |       ||     4
       Chain mail        |    37 |    38 |       ||    75
       Ring mail         |       |    17 |    44 ||    61
Dodge: Dodged            |    35 |    35 |    60 ||   130
Block: Buckler           |    45 |    52 |    62 ||   159
       Reflection        |     1 |     1 |     4 ||     6
